 Dungeon Crawl Stone Soup version 0.21.1-1-g345015f (webtiles) character file.

84 Monsterracer the Ruffian (level 4, -2/35 HPs)
             Began as a Human Fighter on Feb 6, 2018.
             Was an Initiate of Ru.
             Slain by a hippogriff (6 damage)
             ... on level 3 of the Dungeon.
             The game lasted 00:02:21 (2561 turns).

Monsterracer the Ruffian (Human Fighter)            Turns: 2561, Time: 00:02:22

Health: -2/35      AC:  6    Str: 22    XL:     4   Next: 74%
Magic:  4/4        EV:  7    Int:  9    God:    Ru [......]
Gold:   137        SH:  8    Dex: 12    Spells: 3/3 levels left

rFire    . . .     SeeInvis .     - Unarmed
rCold    . . .     Gourm    .   b - +0 shield
rNeg     . . .     Faith    .   a - +0 scale mail
rPois    .         Spirit   .   (no helmet)
rElec    .         Reflect  .   (no cloak)
rCorr    .         Harm     .   (no gloves)
MR       .....                  (no boots)
Stlth    ..........             l - amulet of regeneration
HPRegen  0.51/turn              (no ring)
MPRegen  0.09/turn              (no ring)

@: mighty, drained
A: no striking features
a: Renounce Religion


You were on level 3 of the Dungeon.
You worshipped Ru.
Ru was noncommittal.
You were very hungry.

You visited 1 branch of the dungeon, and saw 3 of its levels.

You collected 137 gold pieces.

Inventory:

Armour
 a - a +0 scale mail (worn)
 b - a +0 shield (worn)
Jewellery
 l - an amulet of regeneration (around neck)
Scrolls
 f - a scroll of teleportation {unknown}
 h - a scroll of amnesia {unknown}
 j - 3 scrolls of identify {unknown}
 k - a scroll of enchant armour {unknown}
Potions
 e - 3 potions of heal wounds {unknown}
 g - 2 potions of haste {unknown}
 i - a potion of lignification {unknown}
Comestibles
 c - 5 rations


   Skills:
 - Level 3.0(1.9) Fighting
 - Level 3.0(1.9) Armour
 - Level 3.0(1.9) Shields
 + Level 4.5(3.4) Unarmed Combat


You had 3 spell levels left.
You didn't know any spells.

Dungeon Overview and Level Annotations

Branches:
Dungeon (3/15)

Altars:
Gozag
Ru
Yredelemnul


Message History

The kobold is heavily wounded.
The kobold hits you but does no damage.
You closely miss the kobold.
The kobold is heavily wounded.
The kobold hits you.
You take 2 damage, and have 33/35 hp.
A kobold is nearby!
You are feeling very hungry.
You barely miss the kobold.
The kobold is heavily wounded.
The kobold barely misses you.
A kobold is nearby!
You hit the kobold.
You kill the kobold!
c - 5 rations (gained 1) Key pressed, stopping explore.
No target in view!
Health restored: 35 No target in view!
Found 15 stones.
No target in view!
You see here a stone.
Key pressed, stopping explore.
You are near starving!
You see here 16 sling bullets.
You see here a club.
Found a stone staircase leading up.
There is an escape hatch in the ceiling here.
You see here 18 stones.
A bat comes into view.
A bat is nearby!
Your shield prevents you from hitting the bat.
The bat hits you but does no damage. x2
The bat hits you but does no damage. You block the bat's attack.
The bat hits you but does no damage. x2
You hit the bat.
You kill the bat!
No target in view!
No target in view!
You butcher the bat corpse.
m - a chunk of flesh Eating a chunk of flesh.
You eat the chunk of flesh.
This raw flesh tastes terrible.
You are feeling hungry.
You are feeling very hungry.
Done exploring.
Done exploring.
There is a stone staircase leading down here.
You climb downwards.
A bat comes into view.
There is a stone staircase leading up here.
A bat is nearby!
You hit the bat.
You kill the bat!
No target in view!
No target in view!
You now have 137 gold pieces (gained 16).
e - 3 fizzy yellow potions (gained 2)
A hippogriff comes into view.
A hippogriff is nearby!
The hippogriff barely misses you. You block the hippogriff's attack. x2
You hit the hippogriff.
The hippogriff is lightly wounded.
The hippogriff bites you but does no damage.
The hippogriff barely misses you.
The hippogriff claws you but does no damage.
You hit the hippogriff but do no damage.
The hippogriff is lightly wounded.
The hippogriff closely misses you. You block the hippogriff's attack.
The hippogriff claws you but does no damage.
You hit the hippogriff but do no damage.
The hippogriff bites you. The hippogriff pecks you. The hippogriff claws you.
You take 10 damage, and have 25/35 hp.
MASSIVE DAMAGE!!
You hit the hippogriff.
The hippogriff is lightly wounded.
You feel very mighty all of a sudden. You block the hippogriff's attack.
The hippogriff pecks you.
The hippogriff claws you but does no damage.
You take 4 damage, and have 21/35 hp.
You punch the hippogriff!
The hippogriff is moderately wounded.
The hippogriff bites you!
* * * LOW HITPOINT WARNING * * *
The hippogriff closely misses you. The hippogriff claws you.
* * * LOW HITPOINT WARNING * * *
You take 13 damage, and have 8/35 hp.
MASSIVE DAMAGE!!
You closely miss the hippogriff.
The hippogriff is moderately wounded.
You block the hippogriff's attack. x2; The hippogriff barely misses you.
You closely miss the hippogriff.
The hippogriff is moderately wounded.
The hippogriff bites you but does no damage.
The hippogriff pecks you.
* * * LOW HITPOINT WARNING * * *
You block the hippogriff's attack.
You take 6 damage, and have 3/35 hp.
You punch the hippogriff!
The hippogriff is heavily wounded.
The hippogriff bites you.
You die...

#####.#.#.#
#....#.#.# ..#
#.####.#.# #.#
#.# #.#.# #.# #.#
#.#.# #.# #.#
#.#.# #.# #.#
#.#.# #.# #.#
#.#.# #H#
#.####.#.######@#
#......#........#
######.########.#
### ###


You could see a hippogriff.

Vanquished Creatures
  Jessica (D:1)
  An adder (D:2)
  A worm (D:2)
  A dart slug (D:2)
  2 leopard geckos
  2 giant cockroaches (D:1)
  7 goblins
  5 hobgoblins
  4 jackals (D:1)
  A ball python (D:1)
  6 bats
  4 frilled lizards
  2 kobolds
  4 rats
41 creatures vanquished.

Notes
Turn   | Place    | Note
-------+----------+-------------------------------------------
     0 | D:1      | Monsterracer the Human Fighter began the quest for the Orb.
     0 | D:1      | Reached XP level 1. HP: 18/18 MP: 1/1
    11 | D:1      | You fall through a shaft!
    18 | D:2      | Noticed Jessica
   116 | D:1      | Reached XP level 2. HP: 18/24 MP: 2/2
   212 | D:1      | HP: 11/24 [hobgoblin (2)]
   387 | D:1      | Reached skill level 3 in Unarmed Combat
   845 | D:1      | Reached XP level 3. HP: 22/29 MP: 3/3
  1224 | D:1      | Killed Jessica
  1224 | D:1      | Reached skill level 4 in Unarmed Combat
  1224 | D:1      | Reached XP level 4. HP: 29/35 MP: 4/4
  1723 | D:2      | Found a basalt altar of Yredelemnul.
  1723 | D:2      | Found an opulent altar of Gozag.
  1892 | D:2      | Found a sacrificial altar of Ru.
  1932 | D:2      | Became a worshipper of Ru the Awakened
  2551 | D:3      | Noticed a hippogriff
  2558 | D:3      | HP: 13/35 [hippogriff (8)]
  2560 | D:3      | HP: 3/35 [hippogriff (6)]
  2561 | D:3      | Slain by a hippogriff

Skill      XL: |  1  2  3 |
---------------+----------+-----
Unarmed Combat | 3 4 |  4.5
Fighting       | |  3.0
Armour         | |  3.0
Shields        | |  3.0

Action                   |  1- 3 |  4- 6 || total
-------------------------+-------+-------++-------
Melee: Unarmed           |   125 |    74 ||   199
  Use: Potion            |       |     1 ||     1
  Eat: Chunk             |     1 |     3 ||     4
Armor: Scale mail        |    52 |    25 ||    77
Dodge: Dodged            |    33 |    16 ||    49
Block: Shield            |    42 |    26 ||    68

Vault maps used:
D:1:      dpeg_arrival_boxorama, hangedman_decor_points
D:2:      gammafunk_temple_overflow_statue, first_ration,
          nicolae_ru_path_of_blood, uniq_jessica
